 Dungeon Crawl Stone Soup version 0.29-a0-338-g1ff7896281 (webtiles) character file.

Game seed: 10741683589239230062

14 spaghetti the Sneak (level 2, 0/21 HPs)
             Began as an Octopode Delver on Apr 18, 2022.
             Succumbed to an adder's poison
             ... on level 4 of the Dungeon.
             The game lasted 00:00:41 (514 turns).

spaghetti the Sneak (Octopode Delver)                Turns: 514, Time: 00:00:42

Health: 0/21       AC:  1    Str: 11    XL:     2   Next: 45%
Magic:  2/2        EV: 13    Int: 12    God:
Gold:   0          SH:  0    Dex: 13    Spells: 1/1 levels left

rFire   . . .      SeeInvis .   a - +0 short sword {short}
rCold   . . .      Faith    .   (no shield)
rNeg    . . .      Spirit   .   (helmet restricted)
rPois   .          Reflect  .   (no amulet)
rElec   .          Harm     .   (no ring)
rCorr   .          Rampage  .   (no ring)
Will    .....                   (no ring)
Stlth   ++++......              (no ring)
HPRegen 0.07/turn               (no ring)
MPRegen 0.08/turn               (no ring)
                                (no ring)
                                (no ring)

@: lethally poisoned (0 -> -3), hasted, very quick
A: almost no armour, amphibious, 8 rings, camouflage 1, gelatinous body 1,
(nimble swimmer 1), tentacles
a: no special abilities


You were on level 4 of the Dungeon.
You visited 1 branch of the dungeon, and saw 2 of its levels.


Innate Abilities, Weirdness & Mutations

You cannot wear most types of armour.
You are amphibious.
You can wear up to eight rings at the same time.
Your skin changes colour to match your surroundings (Stealth+).
Your rubbery body absorbs attacks. (AC +1, EV +1)
((You are camouflaged when in or above water. (Stealth+)))
You have tentacles for arms and can constrict up to eight enemies at once.


   Skills:
 + Level 3.2 Fighting
 - Level 2.0 Short Blades
 + Level 2.2 Dodging
 * Level 7.0 Stealth


You had one spell level left.
You didn't know any spells.
Your spell library was empty.

Inventory:

Hand Weapons
 a - a +0 short sword (weapon) {short}
Wands
 f - a wand of digging (3)
Scrolls
 b - a scroll of fog
 c - a scroll of magic mapping {!r}

Dungeon Overview and Level Annotations

Branches:
Dungeon (5/15)
 Temple: D:4-7

Altars:

Annotations:
D:5 Grinder

#### ... #.###
#.>.# ###.# .
#.# ... #.#
....o###.#####
.........Y@S.#
.....###.#oo.#
... #....### .
....### #.##.#
#.. #.# #..
#.# .. #..


You could see a sky beast, an orc priest, an adder and 2 orcs.


Message History

An adder comes into view. 😮 HP[+1] Unknown command.
You start resting.
An orc is nearby! 😮 HP[+1]
An orc is nearby!
You are too injured to fight recklessly!
You closely miss the orc. You grab the orc.
You constrict the orc, but do no damage.
The orc hits you with a +0 hand axe.
* * * LOW HITPOINT WARNING * * *
😨 HP[-4]
You take 4 damage, and now have 10/21 hp.
Unknown command.
You hit the orc.
You kill the orc!
You start resting. 😎 HP[+11]
Your hp is fully restored (21).
(D) Dungeon
Where to? (? - help)
Things that are here:
a +0 hand axe {axe}; a +0 leather armour
There is a stone staircase leading up here.
You climb upwards.
There is a stone staircase leading down here.
An adder is nearby! 2 orc priests, an orc wizard and an orc come into view.
Found a stone staircase leading down.
The orc wizard shouts!
The orc shouts!
You hear a shout!
The orc priest shouts! x2
You hear a shout! x2
A kobold comes into view. It is wielding a +0 whip.
The kobold shouts!
The adder hisses angrily.
The adder closely misses you.
The orc wizard casts a spell.
The orc wizard flickers and vanishes!
Deactivating autopickup; reactivate with Ctrl-A.
The orc priest looks satisfied for a moment.
The orc priest looks encouraged for a moment.
An orc comes into view. It is wielding a +0 dagger.
You closely miss the adder. Your grab misses the adder. You squeeze the adder!
The adder bites you.
You are poisoned.
The adder poisons you!
You are too injured to fight recklessly! 😕 HP[-3]
You take 3 damage, and now have 18/21 hp.
You feel sick. The adder misses you. 😕 HP[-1]
You take 1 damage, and now have 17/21 hp.
You feel sick. 😕 HP[-1]
You take 1 damage, and now have 16/21 hp.
You feel sick.
There is a stone staircase leading down here. 😮 HP[-1]
You take 1 damage, and now have 15/21 hp.
You feel sick. The adder bites you.
* * * LOW HITPOINT WARNING * * *
The adder barely misses you.
You climb downwards.
Level annotation: Grinder Reactivating autopickup.
You feel sick.
You are no longer poisoned.
There is a stone staircase leading up here. 😨 HP[-6]
You take 6 damage, and now have 9/21 hp.
MASSIVE DAMAGE!! (PAUSE) Unknown command.
Unknown command.
The iguana hisses angrily.
You hit the adder but do no damage. Your grab misses the adder.
The sky beast misses you. The adder bites you.
* * * LOW HITPOINT WARNING * * *
😱 HP[-4]
You take 4 damage, and now have 5/21 hp.
Okay, then.
It was a potion of curing.
You feel better. The adder bites you.
* * * LOW HITPOINT WARNING * * *
You are poisoned.
The adder poisons you!
The sky beast closely misses you. 😨 HP[+4]
You regained 4 hp, and now have 9/21 hp.
Unknown command.
You feel yourself speed up.
You feel sick. The adder bites you.
* * * LOW HITPOINT WARNING * * *
The sky beast misses you. 😱 HP[-5]
You take 5 damage, and now have 4/21 hp.
MASSIVE DAMAGE!! (PAUSE) Unknown command.
Unknown command.
* * * LOW HITPOINT WARNING * * *
You feel sick. The adder bites you.
* * * LOW HITPOINT WARNING * * *
The sky beast barely misses you.
You climb upwards.
You die...

Skill      XL: |  1 |
---------------+----+-----
Stealth        | 7 |  7.0
Fighting       | |  3.2
Short Blades   | |  2.0
Dodging        | |  2.2

Action                   || total
-------------------------++-------
Melee: Short sword       ||    18
       Constrict         ||     3
       Tentacles         ||     2
  Use: Scroll            ||     1
       Potion            ||     2
 Stab: Sleeping          ||     1
Armor: Skin              ||     2
Dodge: Dodged            ||    25

Levels and vault maps discovered:
D:4:      layout_rooms, minmay_temple_entry_poolview, gammafunk_ghost_cemetery
D:5:      layout_gridville, uniq_grinder

Notes
Turn   | Place    | Note
-------+----------+-------------------------------------------
     0 | D:5      | spaghetti the Octopode Delver began the quest for the Orb.
     0 | D:5      | Reached XP level 1. HP: 16/16 MP: 1/1
     0 | D:5      | magus.rc [v1.9.6]
    25 | D:5      | HP: 4/16 [jackal (1)]
   299 | D:5      | Noticed Grinder
   299 | D:5      | Noticed a hound
   305 | D:5      | Reached skill level 7 in Stealth
   305 | D:5      | Reached XP level 2. HP: 12/21 MP: 2/2
   509 | D:5      | Noticed a sky beast
   510 | D:5      | HP: 5/21 [adder (4)]
   513 | D:5      | HP: 1/21 [adder (2)]
   514 | D:4      | Succumbed to an adder's poison

Vanquished Creatures
  A white imp (D:5)
  An orc (D:5)
  4 jackals (D:5)
6 creatures vanquished.

Table legend:
 A = Non-vault XP
 B = Vault XP
 C = Vault XP percentage of total XP
 D = Non-vault monster count
 E = Vault monster count
 F = Vault count percentage of total count
                 A         B        C        D         E       F
            +---------+---------+-------+---------+---------+-------
      Total |      21 |       0 |   0.0 |       6 |       0 |   0.0
            +---------+---------+-------+---------+---------+-------
        D:5 |      21 |       0 |   0.0 |       6 |       0 |   0.0
            +---------+---------+-------+---------+---------+-------

Illustrated notes

Table legend:
 A = Kills in this place as a percentage of kills in entire the game.
 B = Kills by you in this place as a percentage of kills by you in the entire game.
 C = Kills by friends in this place as a percentage of kills by friends in the entire game.
 D = Other kills in this place as a percentage of other kills in the entire game.
 E = Experience gained in this place as a percentage of experience gained in the entire game.
 F = Experience gained in this place divided by the number of levels of this place that you have seen.
                   A       B       C       D       E      F
               +-------+-------+-------+-------+-------+----------------------
         Total | 100.0 | 100.0 |   N/A |   N/A | 100.0 |  10.5
       Dungeon | 100.0 | 100.0 |   N/A |   N/A | 100.0 |  10.5
               +-------+-------+-------+-------+-------+----------------------

Table legend: (Time is in decaauts)
 A = Elapsed time spent in this place.
 B = Non-inter-level travel time spent in this place.
 C = Inter-level travel time spent in this place.
 D = Time resting spent in this place.
 E = Time spent auto-exploring this place.
 F = Levels seen in this place.
 G = Mean time per level.
                   A        B        C        D        E       F      G
               +--------+--------+--------+--------+--------+-----+--------+
         Total |    513 |    504 |      9 |    397 |     49 |   2 |  256.5 |
       Dungeon |    513 |    504 |      9 |    397 |     49 |   2 |  256.5 |
               +--------+--------+--------+--------+--------+-----+--------+

Top non-repeatable levels by time:
     D:5: 503 daAuts
     D:4: 10 daAuts
